 Dungeon Crawl Stone Soup version 0.29.1-15-g9cfb28693d (webtiles) character file.

Game seed: 2339780598748840835

2 Gabide the Sneak (level 1, -6/10 HPs)
             Began as a Felid Delver on Apr 5, 2023.
             Mangled by an ogre
             ... wielding a +0 giant club
              (9 damage)
             ... on level 5 of the Dungeon.
             The game lasted 00:03:57 (125 turns).

Gabide the Sneak (Felid Delver)                      Turns: 125, Time: 00:03:57

Health: -6/10      AC:  1    Str:  8    XL:     1   Next: 25%
Magic:  2/2        EV: 17    Int: 11    God:
Gold:   16         SH:  0    Dex: 17    Spells: 0/0 levels left
                                        Lives:  0   Deaths: 0

rFire   . . .      SeeInvis +     - Unarmed
rCold   . . .      Faith    .   (shield unavailable)
rNeg    . . .      Spirit   .   (body armour unavailable)
rPois   .          Reflect  .   (helmet unavailable)
rElec   .          Harm     .   (cloak unavailable)
rCorr   .          Rampage  .   (gloves unavailable)
Will    .....                   (boots unavailable)
Stlth   +++.......              (no amulet)
HPRegen 0.03/turn               (no ring)
MPRegen 0.08/turn               (no ring)

@: quick
A: very small, claws 1, fangs 3, see invisible, speed 1, shaggy fur 1, stealthy
paws, no weapons or thrown items, no armour, multi-lived
a: no special abilities


You were on level 5 of the Dungeon.
You visited 1 branch of the dungeon, and saw 1 of its levels.

You collected 16 gold pieces.

Inventory:

Wands
 e - a wand of digging (3)


   Skills:
 + Level 3.0 Fighting
 + Level 2.7 Dodging
 + Level 6.6 Stealth
 + Level 2.0 Unarmed Combat


You couldn't memorise any spells.
You didn't know any spells.
Your spell library was empty.

Dungeon Overview and Level Annotations

Branches:
Dungeon (5/15)             Temple (0/1) D:5

Altars:

Annotations:
D:5 1 transporter, Dowan


Innate Abilities, Weirdness & Mutations

You have sharp claws.
You have razor-sharp teeth.
You have supernaturally acute eyesight. (SInv)
You cover ground quickly. (Speed+)
You are covered in fur. (AC +1)
Your paws help you pounce on unaware monsters.
You are incapable of wielding weapons or throwing items.
You cannot wear armour.
You gain extra lives every three experience levels.


Message History

An orc comes into view. It is wielding a +0 club.
The orc shouts! x2; You hear a shout!
You hear the slow rusting of a very distant drain.
Dowan, Brother of Duvessa comes into view.
He is wielding a +0 dagger.
You aren't carrying any potions.
Your extra speed is starting to run out.
An ufetubus comes into view.
The ufetubus moves out of view.
You start resting.
An ufetubus is nearby!
You feel yourself slow down.
An ogre comes into view. It is wielding a +0 giant club.
The ogre shouts!
The ogre barely misses you.
Unknown command.
The orc misses you. The orc barely misses you. The orc misses you.
You closely miss the orc.
The orc shouts!
You claw the orc. You bite the orc, but do no damage.
The orc is heavily wounded.
The orc completely misses you.
The air fills with toxic fumes!
As you read the scroll labelled PEANYO GAOGHYPP, it crumbles to dust.
It was a scroll of poison.
The orc hits you with a +0 mace.
* * * LOW HITPOINT WARNING * * *
As you read the scroll of fear, it crumbles to dust.
You assume a fearsome visage.
The orc looks frightened! x4
You aren't carrying any potions.
As you read the scroll of fog, it crumbles to dust.
The scroll dissolves into smoke.
Cornered, the orc turns to fight! x3
The orc moans, "Oh dear!
Oh dear!"
There are monsters nearby!
There are monsters nearby!
You scratch the ogre.
The ogre is lightly wounded.
The ogre hits you with a +0 giant club!
Ouch! That really hurt!
You die...

.......#..##.##........,,,,,...##
.......#.#...##......#**,,,***...
.....>.....####......# *,⌠,* **#.
.######.#..# #......###,,,* *#
.,* **#.#..## #........##### #
,,* *,..#...###............######
,,***.####..[..........###.....##
,,,,..* #☼##§§######### #####o..
,,,.#** #§§☼§§O@§### ###. ,,.#*
#§§#####☼§§####### ## ,,,* #..#
###oo§o§..## ##. ,,,* #..#
#######..## #.. ,,,* ####
##..###.# ,,,* ##.....# ,,,*
####### ,,,* ,,,*


You could see an ogre and 3 orcs.

Vanquished Creatures
  An orc (D:5)
1 creature vanquished.

Vanquished Creatures (others)
  5 plants (D:5)
5 creatures vanquished.

Grand Total: 6 creatures vanquished

Notes
Turn   | Place    | Note
-------+----------+-------------------------------------------
     0 | D:5      | Gabide the Felid Delver began the quest for the Orb.
     0 | D:5      | Reached XP level 1. HP: 10/10 MP: 2/2
     2 | D:5      | Found a transporter.
     3 | D:5      | Noticed a gnoll sergeant
    16 | D:5      | Noticed an orc wizard
    55 | D:5      | Noticed an orc wizard
    84 | D:5      | Noticed Dowan
   106 | D:5      | Noticed an ogre
   125 | D:5      | Mangled by an ogre

Illustrated notes

Levels and vault maps discovered:
D:5:      layout_rooms, nicolae_overflow_squiral, minmay_temple_entry_junction,
          gammafunk_ghost_gnarly_gnolls, gup_sewer_entry_bubbles,
          nrook_loot_triangle, uniq_duvessa

Action                   || total
-------------------------++-------
Melee: Unarmed           ||     6
       Punch             ||     2
       Bite              ||     1
  Use: Scroll            ||     4
       Potion            ||     1
Dodge: Dodged            ||     9
